 Dungeon Crawl Stone Soup version 0.14-a0-2939-ge0b1554 (webtiles) character file.

57315 gothescalcus the Eclecticist (level 14, 72/72 HPs)
             Began as a Deep Elf Air Elementalist on Mar 3, 2014.
             Was a High Priest of the Shining One.
             Quit the game on Level 2 of the Lair of Beasts.
             The game lasted 03:03:12 (33167 turns).

gothescalcus the Eclecticist (DEAE)                Turns: 33167, Time: 03:03:12

HP  72/72        AC 13     Str 13      XL: 14   Next: 42%
MP  38/38        EV 19     Int 26      God: the Shining One [*****.]
Gold 683         SH 11     Dex 21      Spells: 13 memorised,  3 levels left

rFire  + . .     SeeInvis .     H - +5,+12 hand axe of Xom's Righteous Anger {chop, Contam rF+ Str+4}
rCold  . . .     Clarity  .     V - +3 leather armour "Cratzent" {Str+1 Dex+3 Acc-1}
rNeg   + + +     Conserve .     k - +0 buckler
rPois  .         rCorr    .     G - +0 helmet
rElec  .         rRot     .     x - +0 elf cloak
SustAb . .       Spirit   .     A - +2 pair of gloves {Str+3}
rMut   .         Warding  +     l - +0 pair of boots
Saprov . . .     Stasis   .     M - amulet "Plyext" {Ward rN+ MR+}
MR     ++...                    D - +3 ring of dexterity
                                C - ring of teleport control

@: repel missiles, glowing, very resistant to hostile enchantments, unstealthy
A: no striking features
a: Divine Shield, Cleansing Flame, Summon Divine Warrior, Renounce Religion,
Evoke Teleport Control


You were on level 2 of the Lair of Beasts.
You worshipped the Shining One.
The Shining One was extremely pleased with you.
You were not hungry.

You visited 4 branches of the dungeon, and saw 25 of its levels.
You also visited: Labyrinth, Ossuary and Volcano.

You collected 2379 gold pieces.
You spent 1696 gold pieces at shops.

Inventory:

Hand weapons
 b - a +2,+3 cutlass of flaming
 q - a +1,+1 vampiric war axe
 H - the +5,+12 hand axe of Xom's Righteous Anger (weapon) {chop, Contam rF+ Str+4}
   (You found it on level 6 of the Dungeon)

   It inflicts extra damage upon your enemies.
   It affects your strength (+4).
   It protects you from fire.
   It causes magical contamination when unequipped.
Missiles
 m - 96 darts (quivered)
 K - 13 exploding darts
Armour
 k - a +0 buckler (worn)
 l - a +0 pair of boots (worn)
 x - a +0 elven cloak (worn)
 A - a +2 pair of gloves of strength (worn)
 G - a +0 helmet (worn)
 V - the +3 leather armour "Cratzent" (worn) {Str+1 Dex+3 Acc-1}
   (You bought it in a shop on level 4 of the Orcish Mines)

   It affects your strength (+1).
   It affects your dexterity (+3).
   It affects your accuracy with ranged weapons and melee attacks (-1).
Magical devices
 u - a wand of lightning (1)
 v - a wand of flame (10)
Comestibles
 c - 3 bread rations
 I - a chunk of goblin flesh
 P - 3 rotting chunks of orc flesh
Scrolls
 a - 3 scrolls of teleportation
 e - 4 scrolls of immolation
 y - a scroll of vulnerability
 E - a scroll of recharging
 F - a scroll of magic mapping
 L - 5 scrolls of remove curse
 O - 2 scrolls of blinking
 R - a scroll of summoning
Jewellery
 f - an uncursed amulet of conservation
 g - the ring of Troovije {+/*Tele Int+4 Acc+3 Dam-6}
   (You found it on level 1 of the Lair of Beasts)

   [ring of teleportation]

   It affects your intelligence (+4).
   It affects your accuracy with ranged weapons and melee attacks (+3).
   It affects your damage with ranged weapons and melee attacks (-6).
 n - an uncursed amulet of resist corrosion
 p - an uncursed ring of protection from magic
 B - an uncursed ring of sustain abilities
 C - a ring of teleport control (left hand)
 D - a +3 ring of dexterity (right hand)
 J - an uncursed ring of protection from cold
 M - the amulet "Plyext" (around neck) {Ward rN+ MR+}
   (You bought it in a shop on level 1 of the Orcish Mines)

   [amulet of warding]

   It protects you from negative energy.
   It affects your resistance to hostile enchantments.
 S - an uncursed ring of protection from fire
Potions
 d - 2 potions of curing
 o - 4 potions of might
 t - 2 potions of lignification
 w - 2 potions of agility
 z - 2 potions of speed
 N - a potion of magic
Miscellaneous
 s - a sack of spiders


   Skills:
 + Level 2.1 Fighting
 + Level 0.8 Short Blades
 + Level 3.3 Axes
 + Level 4.8 Throwing
 + Level 3.5 Armour
 - Level 9.6 Dodging
 - Level 2.4 Stealth
 + Level 2.0 Shields
 + Level 15.0 Spellcasting
 * Level 13.0 Conjurations
 + Level 4.2 Charms
 + Level 0.9 Summonings
 + Level 7.6 Transmutations
 - Level 5.6 Fire Magic
 * Level 12.4 Air Magic
 * Level 1.8 Invocations
 + Level 2.3 Evocations


You had 3 spell levels left.
You knew the following spells:

 Your Spells              Type           Power        Failure   Level  Hunger
a - Shock                 Conj/Air       ####         1%          1    None
b - Repel Missiles        Chrm/Air       ######       1%          2    None
c - Swiftness             Chrm/Air       ######..     1%          2    None
d - Static Discharge      Conj/Air       ######..     1%          3    None
e - Lightning Bolt        Conj/Air       ######....   1%          5    None
f - Flight                Chrm/Air       ######....   1%          3    None
g - Ignite Poison         Fire/Trmt      ######....   8%          5    None
h - Stoneskin             Trmt/Erth      #####.....   1%          2    None
i - Blink                 Tloc           N/A          6%          2    None
j - Conjure Flame         Conj/Fire      ######..     1%          3    None
k - Shroud of Golubria    Chrm/Tloc      ####......   1%          2    None
l - Bolt of Fire          Conj/Fire      ######....   12%         6    ####...
m - Summon Lightning Spi  Summ/Air       ######....   2%          4    None


Dungeon Overview and Level Annotations

Branches:
Dungeon (13/16)            Temple (1/1) D:7             Orc (4/4) D:10
    Elf (0/3) Orc:3          Lair (7/8) D:10          Swamp (0/5) Lair:3
 Spider (0/5) Lair:6
  Slime: Lair:6-8

Altars:
Ashenzari
Dithmenos
Elyvilon
Fedhas
Kikubaaqudgha
Makhleb
Nemelex Xobeh
Okawaru
Sif Muna
Trog
Vehumet
Xom
Yredelemnul
Zin
The Shining One
Beogh

Shops:
D:4 *   D:8 ?   D:10 :(   Orc:1 =   Orc:4 ((:[

Annotations:
D:8 exclusion: oklob sapling
D:9 Harold
Lair:7 surr's ghost, powerful FoDK


Message History

4 scrolls of enchant weapon I; 2 scrolls of enchant weapon II 2 scrolls of enchant armour
Items here: ::::::::
Items here: %%%%% 3 meat rations; 2 apples; 3 bread rations; 8 strawberries; a pear Drop what? (_ for help) (? for menu, Esc to quit)
You drop 2 pears.
You drop 2 apricots.
Items here: ::::::::
Items here: ::::::::
Items here: %%%%%% Drop what? (_ for help) (? for menu, Esc to quit)
You drop a troll hide.
You drop a +1 steam dragon armour.
You see here 3 potions of flight.
Items here: ????? 2 scrolls of remove curse; 3 scrolls of immolation 4 scrolls of enchant weapon I; 2 scrolls of enchant weapon II 2 scrolls of enchant armour Are you sure you want to abandon this character and quit the game? (Confirm with "yes".)

#.#.≈.≈≈≈..>...........
#..≈≈≈≈≈≈≈≈...##.......
###.≈≈≈≈≈≈≈≈....#.......
#..≈≈≈≈≈≈≈≈≈≈..##.......
##.≈≈≈≈≈≈≈≈≈≈≈.......... ########
#..≈≈≈≈≈≈≈.≈##.f..f..## .##P.#.#
##≈≈≈..<.≈........##..#
......#####.#...:%..[.......##.##
#...#.##|......=@!...###.........
P.###...#.)##../##...# #.......##
....#...).)###.#.#.#.###.##....##
....#..........................#
.............#.#.#.#.#.#..#.#..#
......#...............#........##
....##.....#.#.#.#.#.#.#.(......#
..........................##....#
..####.##..###.#.#.#.##.####....#


There were no monsters in sight!

Vanquished Creatures
  An orc warlord (Orc:4)
  A minotaur (Lab)
  2 hydras
  Erica (D:12)
  A catoblepas (Lair:6)
  A centaur warrior (D:13)
  3 skeletal warriors (D:13)
  2 unseen horrors
  A necromancer (Lair:5)
  An orc knight (Orc:1)
  3 hill giants
  Joseph (D:11)
  A red wasp (shapeshifter) (D:13)
  2 orc sorcerers
  2 wolf spiders (Lair:6)
  A griffon (Lair:6)
  A cyclops (D:12)
  2 manticores
  An elephant (D:10)
  A black mamba (Lair:1)
  Maurice (D:8)
  11 spiny frogs
  An item mimic (Orc:1)
  3 feature mimics
  A centaur zombie (D:13)
  A fire drake (Lair:3)
  A centaur skeleton (D:13)
  4 trolls
  4 wandering mushrooms
  6 blink frogs
  Sonja (D:12)
  6 komodo dragons
  3 giant leeches (Lair:3)
  2 two-headed ogres
  A shadow (Lab)
  5 basilisks
  A redback (Lair:6)
  A trapdoor spider (D:10)
  3 wyverns
  A fire elemental (D:12)
  A wraith (D:12)
  An elephant slug (Lair:5)
  4 fire bats (Volcano)
  57 yaks
  Eustachio (D:8)
  3 sharks (Lair:2)
  6 ugly things (D:13)
  Grum (D:12)
  5 hippogriffs
  A steam dragon (D:10)
  5 porcupines
  A hell hound (Volcano)
  A necrophage (D:10)
  A yellow wasp (D:13)
  A tengu skeleton (D:12)
  8 wolves
  5 sky beasts
  3 giant goldfish (Lair:2)
  28 orc warriors
  An ice beast (D:11)
  11 ogres
  2 phantoms (D:6)
  4 centaurs
  11 crocodiles
  Sigmund (D:6)
  7 giant slugs
  3 lava worms (D:13)
  8 water moccasins
  10 giant frogs
  2 big kobolds
  A yaktaur zombie (D:13)
  8 wargs
  Blork the orc (D:8)
  2 eyes of draining
  27 killer bees
  13 wights
  3 goliath beetles
  A troll skeleton (Lab)
  19 hounds
  4 electric eels (Lair:2)
  5 jellies
  A lava snake (D:13)
  2 spiders (Lair:6)
  7 crimson imps
  A giant frog skeleton (D:12)
  5 big fish (Lair:2)
  7 iguanas
  30 orc priests
  13 worker ants
  28 orc wizards
  3 grizzly bear simulacra (Lair:5)
  2 big kobold zombies
  8 sheep
  3 hound zombies (Ossuary)
  5 mummies
  A worker ant zombie (D:11)
  A green rat (Lair:1)
  21 adders
  15 gnolls
  A worm zombie (D:7)
  3 hound simulacra (Lair:5)
  2 giant mites
  5 worms
  An adder zombie (Ossuary)
  An iguana skeleton (D:7)
  3 giant eyeballs
  5 sheep simulacra (Lair:5)
  12 giant geckos
  213 orcs
  2 ball pythons
  A bat zombie (D:6)
  7 giant cockroaches
  19 hobgoblins
  41 jackals
  28 bats
  A giant gecko skeleton (D:5)
  4 giant newts
  20 goblins
  A goblin zombie (D:8)
  2 hobgoblin zombies (Ossuary)
  A jackal zombie (D:6)
  26 kobolds
  2 kobold zombies (Ossuary)
  An orc skeleton (D:9)
  2 orc zombies (Ossuary)
  12 quokkas
  A quokka zombie (D:8)
  33 rats
  A rat skeleton (D:5)
  2 rat zombies
  2 ballistomycetes (D:9)
  2 fungi
  A plant (Lair:6)
974 creatures vanquished.

Vanquished Creatures (collateral kills)
  An orc knight (Orc:4)
  An orc sorcerer (Orc:4)
  2 wolves (Orc:3)
  4 orc warriors
  An orc priest (Orc:4)
  A giant frog skeleton (D:8)
  20 orcs
  A goblin (Orc:3)
31 creatures vanquished.

Vanquished Creatures (others)
  A big fish (D:8)
  2 spiders (D:10)
  5 lightning spires
  3 orcs
  A giant spore (D:9)
  9 fungi
  10 plants
31 creatures vanquished.

Grand Total: 1036 creatures vanquished

Notes
Turn   | Place    | Note
--------------------------------------------------------------
     0 | D:1      | gothescalcus, the Deep Elf Air Elementalist, began the quest for the Orb.
     0 | D:1      | Reached XP level 1. HP: 10/10 MP: 5/5
   177 | D:1      | Reached XP level 2. HP: 9/15 MP: 0/8
   345 | D:1      | Learned a level 2 spell: Repel Missiles
   348 | D:1      | Learned a level 2 spell: Swiftness
   859 | D:1      | Reached XP level 3. HP: 17/19 MP: 6/11
  1050 | D:1      | Learned a level 3 spell: Static Discharge
  1156 | D:2      | Reached skill level 4 in Spellcasting
  1542 | D:2      | Reached XP level 4. HP: 17/24 MP: 6/15
  1925 | D:2      | Found a shattered altar of Ashenzari.
  2144 | D:3      | Reached XP level 5. HP: 28/28 MP: 15/18
  2168 | D:3      | Reached skill level 5 in Spellcasting
  2360 | D:3      | Learned a level 5 spell: Lightning Bolt
  3096 | D:4      | Reached XP level 6. HP: 26/32 MP: 21/21
  3151 | D:4      | Found Vossa's Assorted Antiques.
  3165 | D:4      | Paralysed by a giant eyeball for 3 turns
  3180 | D:4      | Bought a scroll labeled PSYUDO ZELUDWA for 24 gold pieces
  3180 | D:4      | Bought a scroll labeled LOPTOU NOULEX for 24 gold pieces
  3180 | D:4      | Bought a scroll labeled KEICUU SHRAKH for 24 gold pieces
  3180 | D:4      | Bought a silvery potion for 21 gold pieces
  3180 | D:4      | Bought a scroll labeled CYRACS SYNOD for 24 gold pieces
  3180 | D:4      | Bought a scroll labeled LOPTOU NOULEX for 24 gold pieces
  3180 | D:4      | Bought a scroll labeled SKETEDD PEOMP for 24 gold pieces
  3526 | D:4      | Reached skill level 1 in Throwing
  3807 | D:4      | Bought a scroll labeled KLIEDYUNITT for 24 gold pieces
  3953 | D:5      | Entered Level 5 of the Dungeon
  4240 | D:5      | Found a blossoming altar of Fedhas.
  4821 | D:5      | Reached skill level 6 in Spellcasting
  4821 | D:5      | Reached XP level 7. HP: 14/36 MP: 21/24
  5031 | D:5      | Gained mutation: You tend to lose your temper in combat. [mutagenic meat]
  5044 | D:5      | Lost mutation: You tend to lose your temper in combat. [potion of cure mutation]
  5414 | D:6      | Reached skill level 1 in Charms
  5416 | D:6      | Reached skill level 5 in Air Magic
  5554 | D:5      | Reached XP level 8. HP: 7/41 MP: 19/25
  5858 | D:6      | Reached skill level 5 in Dodging
  6081 | D:6      | Reached skill level 7 in Spellcasting
  6170 | D:6      | Got a steaming hand axe
  6171 | D:6      | Identified the +5,+12 hand axe of Xom's Righteous Anger {chop, Contam rF+ Str+4} (You found it on level 6 of the Dungeon)
  6457 | D:6      | Noticed Sigmund
  6533 | D:6      | Killed Sigmund
  6791 | D:6      | Learned a level 3 spell: Flight
  6823 | D:7      | Reached skill level 5 in Conjurations
  6836 | D:7      | Found a staircase to the Ecumenical Temple.
  7133 | D:7      | Found a radiant altar of Vehumet.
  7179 | D:7      | Reached skill level 8 in Spellcasting
  7380 | Temple   | Entered the Ecumenical Temple
  7548 | Temple   | Became a worshipper of the Shining One
  7605 | D:8      | Found a sparkling altar of Nemelex Xobeh.
  7690 | D:8      | Found Precos' Magic Scroll Emporium.
  7695 | D:8      | Bought a scroll of enchant armour for 97 gold pieces
  7695 | D:8      | Bought a scroll of amnesia for 45 gold pieces
  7695 | D:8      | Bought a scroll of identify for 26 gold pieces
  7711 | D:8      | Found a white marble altar of Elyvilon.
  7722 | D:8      | Reached XP level 9. HP: 43/46 MP: 13/28
  7747 | D:8      | Noticed a wandering mushroom
  7790 | D:8      | Found a sand-covered staircase.
  7794 | D:8      | Noticed Blork the orc
  7797 | Ossuary  | Entered an ossuary
  7806 | Ossuary  | Reached skill level 1 in Axes
  8018 | Ossuary  | Learned a level 5 spell: Ignite Poison
  8025 | D:8      | Killed Blork the orc
  8025 | D:8      | Reached skill level 1 in Armour
  8037 | D:8      | Killed a wandering mushroom
  8037 | D:8      | Reached skill level 1 in Transmutations
  8037 | D:8      | Reached skill level 1 in Fire Magic
  8047 | D:8      | Reached skill level 1 in Fighting
  8047 | D:8      | Reached skill level 1 in Evocations
  8106 | D:8      | Acquired the Shining One's first power
  8355 | D:8      | Noticed Maurice
  8800 | D:8      | Killed Maurice
  8800 | D:8      | Reached skill level 9 in Spellcasting
  8909 | D:8      | Noticed a wandering mushroom
  8928 | D:8      | Killed a wandering mushroom
  9088 | D:8      | Found a blossoming altar of Fedhas.
  9265 | D:8      | Paralysed by a giant eyeball for 3 turns
  9271 | D:8      | Noticed a two-headed ogre
  9276 | D:8      | Killed a two-headed ogre
  9276 | D:8      | Reached XP level 10. HP: 52/52 MP: 23/31
  9324 | D:8      | Noticed Eustachio
  9414 | D:8      | Killed Eustachio
  9450 | D:8      | Found an iron altar of Okawaru.
  9491 | D:8      | Found an ancient bone altar of Kikubaaqudgha.
  9845 | D:8      | Noticed a wandering mushroom
  9850 | D:8      | Killed a wandering mushroom
 10246 | D:9      | Reached skill level 10 in Spellcasting
 10372 | D:9      | Gained mutation: You have a fast metabolism. [mutagenic glow]
 10414 | D:9      | Gained mutation: Armour fits poorly on your strangely shaped body. [mutagenic glow]
 10614 | D:9      | Gained mutation: You have a very fast metabolism. [mutagenic glow]
 10745 | D:8      | Gained mutation: Your body is slowly deteriorating. [mutagenic glow]
 11128 | D:8      | Lost mutation: Your body is slowly deteriorating. [potion of cure mutation]
 11128 | D:8      | Lost mutation: Armour fits poorly on your strangely shaped body. [potion of cure mutation]
 11128 | D:8      | Lost mutation: You have a very fast metabolism. [potion of cure mutation]
 11128 | D:8      | Lost mutation: You have a fast metabolism. [potion of cure mutation]
 11688 | D:10     | Entered Level 10 of the Dungeon
 11695 | D:10     | Noticed a hill giant
 12063 | D:10     | Paralysed by a giant eyeball for 3 turns
 12225 | D:10     | Paralysed by a giant eyeball for 2 turns
 12354 | D:10     | Reached skill level 5 in Transmutations
 12610 | D:10     | Found a staircase to the Orcish Mines.
 12634 | D:9      | Killed a hill giant
 12926 | D:9      | Reached XP level 11. HP: 49/56 MP: 22/32
 13211 | D:10     | Noticed Harold
 13628 | D:10     | Noticed an elephant
 13837 | D:10     | Killed an elephant
 13837 | D:10     | Reached skill level 11 in Spellcasting
 14069 | D:10     | Found Maucrol's Weapon Shop.
 14099 | D:10     | Found a staircase to the Lair.
 14200 | D:10     | Found Noocw's Book Boutique.
 14279 | Lair:1   | Entered Level 1 of the Lair of Beasts
 14279 | Lair:1   | Acquired the Shining One's second power
 14541 | D:10     | Reached skill level 5 in Fire Magic
 16051 | Lair:1   | Got a glittering marble ring
 16082 | Lair:1   | Reached skill level 12 in Spellcasting
 16092 | Lair:1   | Identified the ring of Troovije {+/*Tele Int+4 Acc+3 Dam-6} (You found it on level 1 of the Lair of Beasts)
 17210 | Lair:2   | Reached XP level 12. HP: 55/60 MP: 30/35
 18068 | Lair:2   | Learned a level 2 spell: Stoneskin
 18118 | Lair:3   | Noticed an eight-headed hydra
 18849 | Lair:3   | Killed an eight-headed hydra
 18987 | Lair:3   | Learned a level 2 spell: Blink
 18991 | Lair:3   | Learned a level 3 spell: Conjure Flame
 19247 | Lair:3   | Found a staircase to the Swamp.
 19269 | Lair:3   | Reached skill level 10 in Conjurations
 19675 | Lair:4   | Reached skill level 13 in Spellcasting
 19733 | Lair:4   | Found a labyrinth entrance.
 19747 | Lab      | Entered a labyrinth
 19765 | Lab      | Reached skill level 10 in Air Magic
 20294 | Lab      | Noticed a minotaur
 20299 | Lab      | Killed a minotaur
 20449 | Lair:4   | Learned a level 2 spell: Shroud of Golubria
 20455 | Lair:4   | Found an iron altar of Okawaru.
 21514 | Lair:2   | Learned a level 6 spell: Bolt of Fire
 21919 | Lair:5   | Reached skill level 1 in Shields
 22864 | Lair:6   | Reached XP level 13. HP: 65/65 MP: 17/36
 22884 | Lair:6   | Noticed a four-headed hydra
 24001 | Lair:6   | Killed a four-headed hydra
 24015 | Lair:6   | Reached skill level 14 in Spellcasting
 24453 | Lair:6   | Found a hole to the Spider Nest.
 24529 | Lair:7   | Noticed surr's ghost (powerful FoDK)
 24540 | Lair:7   | Found a glowing silver altar of Zin.
 24546 | Lair:7   | Found a dark tunnel.
 24567 | Volcano  | Entered a volcano
 24929 | Lair:2   | Learned a level 4 spell: Summon Lightning Spire
 25136 | D:10     | Noticed a hill giant
 25141 | D:10     | Killed a hill giant
 25153 | D:11     | Noticed Joseph
 25158 | D:11     | Killed Joseph
 25971 | D:12     | Acquired the Shining One's third power
 26439 | D:12     | Noticed Grum
 26447 | D:12     | Killed Grum
 26567 | D:12     | Noticed Erica
 26582 | D:12     | Killed Erica
 26672 | D:12     | Noticed Sonja
 26731 | D:12     | Killed Sonja
 28113 | D:13     | Reached XP level 14. HP: 71/71 MP: 22/38
 28258 | D:13     | Found a blossoming altar of Fedhas.
 29035 | Orc:1    | Entered Level 1 of the Orcish Mines
 29377 | Orc:3    | Found a staircase to the Elven Halls.
 29675 | Orc:1    | Found Thaomom's Jewellery Shoppe.
 29689 | Orc:1    | Bought an uncursed amulet of conservation for 390 gold pieces
 29689 | Orc:1    | Bought a cursed ring of hunger for 26 gold pieces
 29689 | Orc:1    | Bought a cursed -3 ring of strength for 26 gold pieces
 29689 | Orc:1    | Bought an uncursed ring of protection from cold for 325 gold pieces
 29689 | Orc:1    | Bought the amulet "Plyext" {Ward rN+ MR+} for 404 gold pieces
 30946 | Orc:4    | Entered Level 4 of the Orcish Mines
 30979 | Orc:4    | Found a roughly hewn altar of Beogh.
 30985 | Orc:4    | Acquired the Shining One's fourth power
 31513 | Orc:4    | Found a roughly hewn altar of Beogh.
 31557 | Orc:4    | Noticed an orc warlord
 31580 | Orc:4    | Killed an orc warlord
 31580 | Orc:4    | Reached skill level 1 in Invocations
 31943 | Orc:4    | Found a roughly hewn altar of Beogh.
 31944 | Orc:4    | Found Friav Bre's Antique Weapon Emporium.
 31998 | Orc:4    | Found Ysiaxom's Antique Armour Shoppe.
 32006 | Orc:4    | Bought an ancient leather armour for 168 gold pieces
 32017 | Orc:4    | Identified the +3 leather armour "Cratzent" {Str+1 Dex+3 Acc-1} (You bought it in a shop on level 4 of the Orcish Mines)
 32327 | Orc:4    | Reached skill level 15 in Spellcasting
 32345 | Orc:4    | Found a roughly hewn altar of Beogh.
 32488 | Orc:4    | Found Ungoh's Book Emporium.
 32609 | Orc:4    | Found a roughly hewn altar of Beogh.
 32776 | Orc:4    | Found a roughly hewn altar of Beogh.
 32776 | Orc:4    | Found Xeadept's Antique Weapon Shop.
 33167 | Lair:2   | Quit the game

Action                   |  1- 3 |  4- 6 |  7- 9 | 10-12 | 13-15 || total
-------------------------+-------+-------+-------+-------+-------++-------
Melee: Unarmed           |     2 |       |       |       |       ||     2
       Dagger            |    15 |     3 |       |       |       ||    18
       Hand axe          |       |    16 |    63 |   161 |   427 ||   667
       Cutlass           |       |     3 |       |       |       ||     3
       Short sword       |       |       |    25 |       |       ||    25
 Fire: Blowgun           |       |    81 |    30 |       |       ||   111
Throw: Dart              |       |    10 |     3 |       |       ||    13
 Cast: Shock             |    90 |    68 |   179 |   386 |   206 ||   929
       Static Discharge  |       |     9 |    16 |    65 |    76 ||   166
       Swiftness         |       |     3 |     8 |    17 |     2 ||    30
       Lightning Bolt    |       |     1 |    26 |   159 |   107 ||   293
       Repel Missiles    |       |     1 |       |     2 |     2 ||     5
       Ignite Poison     |       |       |       |    14 |    25 ||    39
       Conjure Flame     |       |       |       |     4 |       ||     4
       Bolt of Fire      |       |       |       |     2 |    25 ||    27
       Flight            |       |       |       |       |     2 ||     2
       Stoneskin         |       |       |       |       |     1 ||     1
       Summon Lightning  |       |       |       |       |    15 ||    15
Invok: Divine Shield     |       |       |       |       |     2 ||     2
 Abil: Evoke Teleport Co |       |       |       |       |     1 ||     1
Evoke: Wand              |       |       |    11 |    12 |     5 ||    28
       Sack of spiders   |       |       |       |     1 |       ||     1
  Use: Scroll            |     4 |    10 |    17 |    23 |     8 ||    62
       Potion            |       |     4 |     9 |    10 |    14 ||    37
 Stab: Sleeping          |       |     3 |     1 |     1 |       ||     5
